 Dungeon Crawl Stone Soup version 0.21-a0-437-ge5bf024 (webtiles) character file.

103 kiturien the Magician (level 4, 0/24 HPs)
             Began as a Tengu Air Elementalist on Nov 8, 2017.
             Was a Follower of Kikubaaqudgha.
             Slain by an orc wizard
             ... wielding a +0 dagger
              (1 damage)
             ... on level 3 of the Dungeon on Nov 9, 2017.
             The game lasted 00:15:12 (2021 turns).

kiturien the Magician (Tengu Air Elementalist)      Turns: 2021, Time: 00:15:13

Health: 0/24       AC:  3    Str:  8    XL:     4   Next: 79%
Magic:  1/11       EV: 12    Int: 17    God:    Kikubaaqudgha [*.....]
Gold:   114        SH:  0    Dex: 14    Spells: 4/11 levels left

rFire    . . .     SeeInvis .   s - +2 trident (protect)
rCold    . . .     Gourm    .   (no shield)
rNeg     . . .     Faith    .   a - +0 robe
rPois    .         Spirit   .   (helmet restricted)
rElec    .         Reflect  .   o - +0 cloak
rCorr    .         Harm     .   (no gloves)
MR       .....                  (boots unavailable)
Stlth    +.........             (no amulet)
HPRegen  0.08/turn              (no ring)
MPRegen  0.12/turn              (no ring)

@: confused
A: beak, talons 3
a: Receive Corpses, Renounce Religion


You were on level 3 of the Dungeon.
You worshipped Kikubaaqudgha.
Kikubaaqudgha was aware of your devotion.
You were hungry.

You visited 1 branch of the dungeon, and saw 3 of its levels.

You collected 114 gold pieces.

Inventory:

Hand Weapons
 s - a +2 trident of protection (weapon)
Armour
 a - a +0 robe (worn)
 o - a +0 cloak (worn)
Wands
 i - a wand of paralysis (14/24)
 m - a wand of flame (24/48)
Scrolls
 e - a scroll of blinking
 j - a scroll of fog
 q - 2 scrolls of enchant armour {unknown}
 r - a scroll of enchant weapon {unknown}
Potions
 d - a potion of brilliance {unknown}
 f - 2 potions of lignification
 g - 2 potions of flight
 k - a potion of curing
Books
 b - a book of Air

   Spells                             Type                      Level
   a - Shock                          Conjuration/Air              1
   b - Swiftness                      Charms/Air                   2
   c - Static Discharge               Conjuration/Air              3
   d - Airstrike                      Air                          4
   e - Lightning Bolt                 Conjuration/Air              5
 p - Kikubaaqudgha's Tome of Unholy Magic
   (Kikubaaqudgha gifted it to you on level 2 of the Dungeon)

   Spells                             Type                      Level
   a - Animate Skeleton               Necromancy                   1
   b - Corpse Rot                     Necromancy                   2
   c - Sublimation of Blood           Necromancy                   2
   d - Vampiric Draining              Necromancy                   3
   e - Control Undead                 Necromancy                   4
Comestibles
 c - 2 bread rations
 h - 4 fruits
 l - 4 chunks of flesh
 n - 2 meat rations


   Skills:
 - Level 2.1 Dodging
 - Level 2.0 Stealth
 * Level 4.3 Spellcasting
 - Level 1.3 Conjurations
 - Level 4.2 Air Magic


You had 4 spell levels left.
You knew the following spells:

 Your Spells              Type           Power        Failure   Level  Hunger
a - Shock                 Conj/Air       ##..         4%          1    None
b - Animate Skeleton      Necr           N/A          16%         1    None
c - Swiftness             Chrm/Air       ##......     10%         2    ##.....
d - Static Discharge      Conj/Air       ##......     14%         3    ###....


Dungeon Overview and Level Annotations

Branches:
Dungeon (3/15)

Altars:
Fedhas
Kikubaaqudgha


Innate Abilities, Weirdness & Mutations

You have a beak for a mouth.
You have claws for feet.


Message History

Unknown command.
You bump into the rock wall.
You hear some strange, mumbled words.
A puff of flame appears from out of thin air!
The puff of flame misses you.
You completely miss something.
You hear some strange, mumbled words.
A puff of flame appears from out of thin air!
The puff of flame misses you.
You bump into the rock wall.
Something hits you.
* * * LOW HITPOINT WARNING * * *
You bump into the rock wall.
You hear some strange, mumbled words.
You are more confused.
A jackal comes into view.
You bump into the rock wall.
The jackal barks!
You hear a bark!
Something hits you.
You die...
Kikubaaqudgha rasps: "You have failed me!
Welcome... death!"

#.........#### #.#.
#####.........# # #.#.#
#.............# # #.#.##
##.####.#......# # #....#
#..##..........## #....#
#..Z............## #....#
####.............##
#...h######..#.##......#...
.####.....††.{@.##.###...#...(.
.)........#######...........###
..###....## ###########....
#....# #### #[...# # ###### #


You could see a jackal.

Vanquished Creatures
  An orc priest (D:3)
  4 adders
  2 worms (D:3)
  A dart slug (D:2)
  A leopard gecko (D:2)
  3 orcs (D:3)
  A ball python (D:2)
  5 bats
  2 giant cockroaches (D:3)
  2 goblins
  4 hobgoblins
  5 kobolds
  3 rats
34 creatures vanquished.

Notes
Turn   | Place    | Note
-------+----------+-------------------------------------------
     0 | D:1      | kiturien the Tengu Air Elementalist began the quest for the Orb.
     0 | D:1      | Reached XP level 1. HP: 10/10 MP: 4/4
   826 | D:2      | Reached XP level 2. HP: 15/15 MP: 3/6
   880 | D:2      | Found a faded altar of an unknown god.
   921 | D:2      | Became a worshipper of Kikubaaqudgha
   921 | D:2      | Reached * piety under Kikubaaqudgha
   921 | D:2      | Identified Kikubaaqudgha's Tome of Unholy Magic (Kikubaaqudgha gifted it to you on level 2 of the Dungeon)
   921 | D:2      | Received a gift from Kikubaaqudgha
   925 | D:2      | Learned a level 1 spell: Animate Skeleton
  1018 | D:2      | Found a blossoming altar of Fedhas.
  1069 | D:2      | Reached XP level 3. HP: 13/19 MP: 0/8
  1316 | D:2      | Upgraded the game from 0.21-a0-434-g806c6c2 to 0.21-a0-437-ge5bf024
  1804 | D:3      | Reached XP level 4. HP: 22/24 MP: 2/10
  1812 | D:3      | Learned a level 2 spell: Swiftness
  1816 | D:3      | Learned a level 3 spell: Static Discharge
  2019 | D:3      | HP: 1/24 [something (2)]
  2021 | D:3      | Slain by an orc wizard

Vault maps used:
D:1:      denvon_arrival_planthouse
D:2:      lemuel_doored_altar, chequers_ecumenical_altar_simple_redux
D:3:      first_bread, lemuel_blue_sif_altar

Skill      XL: |  1  2  3  4 |
---------------+-------------+-----
Spellcasting   | 3 4 |  4.3
Dodging        | |  2.1
Stealth        | |  2.0
Conjurations   | |  1.3
Air Magic      | |  4.2

Action                   |  1- 3 |  4- 6 || total
-------------------------+-------+-------++-------
Melee: Unarmed           |    14 |       ||    14
       Peck              |     2 |     1 ||     3
       Kick              |     6 |     1 ||     7
       Trident           |       |    10 ||    10
 Cast: Shock             |    65 |    17 ||    82
       Animate Skeleton  |     1 |     2 ||     3
  Use: Scroll            |     1 |     4 ||     5
       Potion            |       |     1 ||     1
 Stab: Sleeping          |     1 |       ||     1
  Eat: Chunk             |     3 |       ||     3
Armor: Robe              |     4 |     4 ||     8
Dodge: Dodged            |    19 |    12 ||    31

Table legend:
 A = Spawn XP
 B = Non-spawn XP
 C = Spawn XP percentage of total XP
 D = Spawn monster count
 E = Non-spawn monster count
 F = Spawn count percentage of total count
 G = Total turns spent on level
                    A         B        C        D         E        F      G
               +---------+---------+-------+---------+---------+-------+---------
         Total |       0 |     148 |   0.0 |       0 |      34 |   0.0 |  2021
               +---------+---------+-------+---------+---------+-------+---------
           D:1 |       0 |       6 |   0.0 |       0 |       4 |   0.0 |   691
           D:2 |       0 |      49 |   0.0 |       0 |      15 |   0.0 |   851
           D:3 |       0 |      93 |   0.0 |       0 |      15 |   0.0 |   479
               +---------+---------+-------+---------+---------+-------+---------
